 Dungeon Crawl Stone Soup version 0.25-a0-1137-g7f6bfe4 (webtiles) character file.

Game seed: 11747312045264663951, levelgen mode: deterministic

324580 thirtiethelement the Severer (level 20, -9/187 HPs)
             Began as a Demonspawn Abyssal Knight on May 23, 2020.
             Was the Champion of Lugonu.
             Killed from afar by a golden dragon (45 damage)
             ... with a bolt of fire
             ... on level 4 of the Vaults on May 24, 2020.
             The game lasted 04:33:26 (35711 turns).

thirtiethelement the Severer (DsAK)                Turns: 35711, Time: 04:33:27

Health: -9/187     AC: 33    Str: 25    XL:     20   Next: 71%
Magic:  23/23      EV: 15    Int: 24    God:    Lugonu [******]
Gold:   1997       SH:  9    Dex: 19    Spells: 17/20 levels left

rFire    . . .     SeeInvis +   W - +5 broad axe of Eternal Vigilance {vorpal, *Corrode rC+++ Stlth+}
rCold    + + +     Gourm    .   I - +2 buckler {reflect}
rNeg     . . .     Faith    .   X - +7 chain mail of the New World {-Cast Regen+ Str+4 Dex+3}
rPois    +         Spirit   .   b - +2 hat of the Iron City of Dis {Int+3 Dex+3}
rElec    .         Reflect  +   k - +2 cloak {MR+}
rCorr    +         Harm     .   i - +2 pair of gloves {Str+3}
MR       ++...     Clarity  +   (boots unavailable) Stlth ++++++....NoCast +
                                D - amulet of regeneration
HPRegen  4.61/turn              h - ring of see invisible
MPRegen  0.18/turn              a - ring of poison resistance

@: lethally poisoned (-9 -> -9), marked
A: beak, hooves 3, yellow scales 3, clarity, clever 2, cold resistance 1,
nightstalker 3, powered by death 2, regeneration 1, robust 1, freezing cloud
immunity
}: 2/15 runes: decaying, gossamer
a: Depart the Abyss, Bend Space, Banish, Corrupt, Enter the Abyss, Brand Weapon
With Distortion, Renounce Religion


You were on level 4 of the Vaults.
You worshipped Lugonu.
Lugonu was exalted by your worship.
You were not hungry.

You visited 6 branches of the dungeon, and saw 36 of its levels.
You visited the Abyss 2 times.
You also visited: Ossuary and Ice Cave.

You collected 3644 gold pieces.
You spent 1647 gold pieces at shops.

Inventory:

Hand Weapons
 y - a +8 battleaxe of flaming
 W - the +5 broad axe of Eternal Vigilance (weapon) {vorpal, *Corrode rC+++ Stlth+}
   (You found it on level 1 of the Spider Nest)

   It inflicts extra damage upon your enemies.
   It renders you almost immune to cold.
   It may corrode you when you take damage.
   It makes you more stealthy.
Missiles
 v - 30 boomerangs (quivered)
Armour
 b - the +2 hat of the Iron City of Dis (worn) {Int+3 Dex+3}
   (You found it in an ice cave)

   It affects your intelligence (+3).
   It affects your dexterity (+3).
 i - a +2 pair of gloves of strength (worn)
 k - a +2 cloak of magic resistance (worn)
 I - a +2 buckler of reflection (worn)
 N - a +4 plate armour
 X - the +7 chain mail of the New World (worn) {-Cast Regen+ Str+4 Dex+3}
   (You bought it in a shop on level 13 of the Dungeon)

   It affects your strength (+4).
   It affects your dexterity (+3).
   It prevents spellcasting.
   It increases your rate of regeneration.
Jewellery
 a - a ring of poison resistance (right hand)
 g - a +6 ring of dexterity
 h - a ring of see invisible (left hand)
 w - a +6 ring of strength
 D - an amulet of regeneration (around neck)
Wands
 n - a wand of iceblast (19)
 t - a wand of enslavement (17)
 A - a wand of flame (36)
 G - a wand of clouds (14)
 L - a wand of disintegration (23)
 P - a wand of acid (7)
 V - a wand of digging (8)
 Z - a wand of polymorph (19)
Scrolls
 f - 6 scrolls of fear
 o - 21 scrolls of teleportation
 r - 7 scrolls of blinking
 x - 18 scrolls of remove curse
 H - 2 scrolls of silence
 S - 3 scrolls of enchant weapon
 T - 3 scrolls of magic mapping
 U - 2 scrolls of brand weapon
Potions
 d - 7 potions of curing
 l - 2 potions of resistance
 m - 3 potions of mutation
 s - a potion of might
 z - 5 potions of cancellation
 K - 3 potions of invisibility
 Q - a potion of berserk rage
 R - 3 potions of flight
Miscellaneous
 e - a lightning rod (4/4)
 j - a box of beasts
 B - a phial of floods
 F - 2 phantom mirrors
 M - a lightning rod (4/4)
Comestibles
 c - 23 rations


   Skills:
 + Level 18.1 Fighting
   Level 4.2 Long Blades
 + Level 20.3 Axes
 + Level 5.2 Throwing
 + Level 13.5 Armour
 + Level 8.9 Dodging
 + Level 11.2 Stealth
 + Level 9.1 Shields
 + Level 0.8 Spellcasting
 + Level 4.7 Invocations
 + Level 3.4 Evocations


You had 17 spell levels left.
You knew the following spells:

 Your Spells              Type           Power        Failure   Level  Hunger
a - Freeze                Ice            #...         50%         1    ##.....
b - Call Imp              Summ           #.......     63%         2    ###....

Your spell library contained the following spells:

 Spells                   Type           Power        Failure   Level  Hunger
 Beastly Appendage        Tmut           #.....       50%         1    ##.....
 Summon Small Mammal      Summ           #...         50%         1    ##.....
 Passwall                 Tmut/Erth      #.......     65%         2    ###....
 Sticks to Snakes         Tmut           #.......     65%         2    ###....
 Swiftness                Chrm/Air       #.......     65%         2    ###....
 Call Canine Familiar     Summ           #.......     86%         3    ####...
 Frozen Ramparts          Ice            #.....       86%         3    ####...
 Ozocubu's Armour         Chrm/Ice       #.......     86%         3    ####...
 Recall                   Summ/Tloc      N/A          86%         3    ####...
 Spider Form              Tmut/Pois      #.........   86%         3    ####...
 Summon Guardian Golem    Hex/Summ       #.......     86%         3    ####...
 Animate Dead             Necr           N/A          99%         4    #####..
 Hailstorm                Conj/Ice       #.......     99%         4    #####..
 Ice Form                 Ice/Tmut       #.......     99%         4    #####..
 Leda's Liquefaction      Hex/Erth       #.........   99%         4    #####..
 Passage of Golubria      Tloc           N/A          99%         4    #####..
 Summon Ice Beast         Ice/Summ       #.......     99%         4    #####..
 Summon Lightning Spire   Summ/Air       #.......     99%         4    #####..
 Blade Hands              Tmut           #.........   100%        5    ######.
 Bolt of Magma            Conj/Fire/Erth #.........   100%        5    ######.
 Borgnjor's Vile Clutch   Necr/Erth      #.........   100%        5    ######.
 Lee's Rapid Deconstruct  Erth           #.........   100%        5    ######.
 Darkness                 Hex            #.........   100%        6    #######
 Death Channel            Necr           #.........   100%        6    #######
 Invisibility             Hex            #.......     100%        6    #######
 Iron Shot                Conj/Erth      #.........   100%        6    #######
 Simulacrum               Ice/Necr       #.........   100%        6    #######
 Statue Form              Tmut/Erth      #........    100%        6    #######
 Shatter                  Erth           #.........   100%        9    #######


Dungeon Overview and Level Annotations

Branches:
Dungeon (15/15)            Temple (0/1) D:4            Lair (6/6) D:9
  Swamp (4/4) Lair:4       Spider (4/4) Lair:3        Slime (0/5) Lair:5
    Orc (2/2) D:12            Elf (0/3) Orc:2        Vaults (5/5) D:14
  Crypt (0/3) Vaults:3     Depths (0/5) D:15        Ossuary (visited)
  IceCv (visited)

Altars:
Dithmenos
Gozag
Hepliaklqana
Makhleb
Okawaru
Sif Muna
Trog
Uskayaw
Xom
Yredelemnul
Beogh

Shops:
D:5 }   D:13 [   Orc:1 =?   Orc:2 [:(*

Annotations:
Abyss:1 Urug


Innate Abilities, Weirdness & Mutations

You have hooves in place of feet.
You are completely covered in yellow scales. (AC +4, rCorr)
Your flesh is cold resistant. (rC+)
You are completely attuned to the shadows.
You regenerate health from kills.
You are immune to freezing clouds.
You have a beak for a mouth.
You possess an exceptional clarity of mind.
Your mind is very acute. (Int +4)
Your natural rate of healing is unusually fast.
You are robust. (+10% HP)


Message History

The golden dragon is almost dead.
You hit the iron dragon but do no damage.
The golden dragon bites you.
* * * LOW HITPOINT WARNING * * *
The golden dragon claws you but does no damage.
The golden dragon barely misses you.
The iron dragon breathes metal splinters at you.
The spray of metal splinters hits you!
* * * LOW HITPOINT WARNING * * *
You hit the golden dragon but do no damage.
You kick the golden dragon. Your peck misses the golden dragon.
The golden dragon is almost dead.
You hit the iron dragon but do no damage.
You feel sick.
You slash the golden dragon! You kick the golden dragon.
The golden dragon is almost dead.
You hit the iron dragon. The golden dragon breathes fire at you.
The bolt of fire hits you!!!
You die...

..#[..#...##########.....#..###'#
..###.#...#........#....[#..#.).'
....#.#...#........#.^...#..#'#)#
..###.#...#...!....'.....#..#.#.'
....#.#...#........#.....#..#####
))###.#...#........#.....#.....^.
....#.#...#........+.....#.......
..###.#...#####'####.....########
....#.?...'.[[[)@# #.....# #####
###########.[>)DD# #.....# ##.).#
#.[)[..# #.....###..♣.) #......#
#.....##...♣♣. #......#
#....(#....♣♣♣ #......#
#.....#.♣♣♣.♣♣ ########
#.....'..♣♣♣.♣
####################.....##..♣♣♣♣
.........................###.....


You could see an iron dragon (catching breath) and a golden dragon (catching
breath).

Vanquished Creatures
  Mara (Spider:3)
  Sojobo (Vaults:2)
  Arachne (Spider:3)
  An Ice Fiend (IceCv)
  A titan (Vaults:4)
  2 sphinxes (Vaults:4)
  Agnes (Spider:3)
  4 tengu reavers
  2 shadow dragons (Vaults:4)
  2 storm dragons
  Donald (Spider:3)
  A thorn hunter (Swamp:3)
  Gastronok (Lair:2)
  Kirke (Lair:6)
  5 ghost moths
  4 vault wardens
  3 fire giants
  3 frost giants
  An orc warlord (Orc:2)
  A deep elf elementalist (Vaults:5)
  9 emperor scorpions
  Louise (Swamp:2)
  A ghoul (Vaults:4)
  A large abomination (Vaults:4)
  2 entropy weavers
  8 ironheart preservers
  5 stone giants
  3 war gargoyles (Vaults:4)
  2 very ugly things
  A vampire knight (Vaults:3)
  A dire elephant (Lair:6)
  2 spark wasps
  A purple draconian (Abyss:1)
  A deep elf death mage (D:15)
  5 ettins
  A crystal guardian (Vaults:3)
  2 fire dragons
  9 yaktaur captains
  7 ogre magi
  A great orb of eyes (Vaults:1)
  Fannar (D:11)
  29 vault guards
  22 hydras
  A ghost crab (Swamp:3)
  2 ice dragons
  A catoblepas (Lair:6)
  4 centaur warriors
  5 shambling mangroves
  4 death knights
  23 alligators
  2 tengu warriors
  20 two-headed ogres
  A deep troll earth mage (Vaults:4)
  12 death yaks
  A deep troll shaman (Vaults:4)
  An orc high priest (Orc:2)
  5 deep elf knights
  2 iron trolls (D:14)
  7 skeletal warriors
  An unseen horror (D:14)
  4 spriggan druids
  2 shadow wraiths
  12 swamp dragons
  10 deep trolls
  3 necromancers
  6 deep elf archers
  5 flayed ghosts
  3 wizards
  2 glowing orange brains (Vaults:3)
  12 orc knights
  3 phantasmal warriors
  29 wolf spiders
  6 ironbrand convokers
  3 harpies (Vaults:3)
  An oklob plant (Lair:6)
  4 orc sorcerers
  15 orb spiders
  5 deep elf magi
  9 ugly things
  10 cyclopes
  6 manticores
  Joseph (Lair:1)
  2 moths of wrath
  17 elephants
  An ice statue (IceCv)
  4 torpor snails
  13 vault sentinels
  3 black mambas (Lair:6)
  13 spiny frogs
  A gargoyle (D:13)
  26 yaktaurs
  An anaconda simulacrum (IceCv)
  4 rime drakes
  5 freezing wraiths
  14 demonic crawlers
  6 komodo dragons
  An efreet (D:14)
  5 ice devils (IceCv)
  A golden dragon simulacrum (IceCv)
  An ancient zyme (Abyss:2)
  25 jumping spiders
  10 trolls
  A queen bee (Spider:2)
  A meliai (shapeshifter) (Vaults:3)
  5 polar bears
  A tengu conjurer (D:15)
  A wolf spider simulacrum (IceCv)
  10 hornets
  36 slime creatures
  10 tyrant leeches
  4 bog bodies
  39 blink frogs
  Prince Ribbit (D:9)
  11 hippogriffs
  A blink frog (shapeshifter) (Vaults:3)
  13 dream sheep
  40 redbacks
  26 tarantellas
  3 water elementals (D:14)
  A vampire (D:11)
  6 wraiths
  3 shadows
  3 dire elephant simulacra (IceCv)
  5 wyverns
  66 yaks
  9 hogs
  A human (D:13)
  A spriggan (Swamp:3)
  A golden eye (shapeshifter) (Vaults:3)
  A neqoxec (Abyss:1)
  A basilisk (Lair:1)
  2 hungry ghosts
  A steam dragon (D:13)
  5 wargs
  20 vampire mosquitoes
  6 harpy simulacra (IceCv)
  13 insubstantial wisps
  A death yak simulacrum (IceCv)
  10 water moccasins
  11 swamp worms
  A naga (shapeshifter) (Vaults:4)
  A soldier ant (D:14)
  A floating eye (shapeshifter) (Vaults:2)
  2 hydra simulacra (IceCv)
  8 porcupines
  3 sky beasts
  16 swamp drakes
  37 orc warriors
  3 phantoms
  3 black bears
  3 ice beasts
  2 ettin simulacra (IceCv)
  2 eyes of draining
  A necrophage (D:6)
  7 wolves
  An elephant zombie (Lair:5)
  21 ogres
  2 boggarts (D:15)
  4 centaurs
  7 crocodiles
  4 big kobolds
  13 bullfrogs
  A deep troll simulacrum (Vaults:2)
  A water moccasin skeleton (D:5)
  3 scorpions
  2 wyvern skeletons (D:12)
  An elephant simulacrum (IceCv)
  9 killer bees (Spider:2)
  2 swamp dragon simulacra (IceCv)
  4 howler monkeys
  11 electric eels
  12 wights
  11 crimson imps
  4 centaur zombies
  A draconian simulacrum (IceCv)
  3 hounds
  3 quasits
  2 gnoll shamans (D:5)
  16 orc priests
  A bullfrog skeleton (D:9)
  A bullfrog zombie (D:5)
  6 jellies
  6 centaur skeletons
  5 iguanas
  34 orc wizards
  A polar bear simulacrum (IceCv)
  6 troll simulacra (IceCv)
  11 worker ants
  3 hell rats (D:8)
  A wolf simulacrum (IceCv)
  A killer bee zombie (D:7)
  A crocodile zombie (Lair:5)
  2 centaur simulacra (IceCv)
  A hound skeleton (D:4)
  8 mummies (Ossuary)
  3 worker ant zombies
  4 gnolls (D:5)
  A howler monkey skeleton (D:9)
  9 river rats
  14 adders
  An ogre simulacrum (IceCv)
  2 naga simulacra (IceCv)
  A shadow imp (D:5)
  3 white imps (IceCv)
  5 ufetubi (IceCv)
  An ooze (D:6)
  An adder zombie (D:7)
  An adder skeleton (D:5)
  5 worms
  4 dart slugs
  6 leopard geckos
  96 orcs
  3 ball pythons
  4 giant cockroaches
  2 gnoll zombies (Ossuary)
  12 goblins
  9 hobgoblins
  7 jackals
  9 quokkas
  7 bats
  7 frilled lizards
  2 hobgoblin zombies (Ossuary)
  26 kobolds
  3 kobold zombies (Ossuary)
  An orc zombie (Ossuary)
  2 quokka skeletons
  24 rats
  3 crawling corpses
  12 fungi
  6 plants
1530 creatures vanquished.

Vanquished Creatures (collateral kills)
  2 adders
  A giant cockroach (D:5)
3 creatures vanquished.

Vanquished Creatures (others)
  A swamp dragon (Swamp:4)
  A spriggan druid (Swamp:3)
  A hornet (Swamp:3)
  A tarantella (Spider:3)
  4 insubstantial wisps (Swamp:3)
  2 boggarts (D:15)
  An ufetubus (IceCv)
  4 fungi
  3 plants (Lair:3)
18 creatures vanquished.

Grand Total: 1551 creatures vanquished

Notes
Turn   | Place    | Note
-------+----------+-------------------------------------------
     0 | Abyss:1  | thirtiethelement the Demonspawn Abyssal Knight began the
                  | quest for the Orb.
     0 | Abyss:1  | Reached XP level 1. HP: 18/18 MP: 2/2
    50 | Abyss:1  | Noticed an eye of draining
    56 | Abyss:1  | Noticed an orange demon
   170 | Abyss:2  | Noticed an ancient zyme
   177 | Abyss:2  | Killed an ancient zyme
   177 | Abyss:2  | Reached skill level 5 in Fighting
   177 | Abyss:2  | Reached skill level 1 in Dodging
   177 | Abyss:2  | Gained mutation: You are slightly more attuned to the
                  | shadows. [demonic ancestry]
   177 | Abyss:2  | Reached XP level 2. HP: 27/27 MP: 2/4
   177 | Abyss:2  | Gained mutation: You have large cloven feet. [demonic
                  | ancestry]
   177 | Abyss:2  | Reached XP level 3. HP: 33/33 MP: 2/5
   177 | Abyss:2  | Gained mutation: You are partially covered in yellow
                  | scales. (AC +2) [demonic ancestry]
   177 | Abyss:2  | Reached XP level 4. HP: 39/39 MP: 2/6
   177 | Abyss:2  | Gained mutation: You have hoof-like feet. [demonic
                  | ancestry]
   177 | Abyss:2  | Reached XP level 5. HP: 44/44 MP: 2/7
   179 | D:1      | Escaped the Abyss
   619 | D:1      | Reached ** piety under Lugonu
   920 | D:2      | Gained mutation: You are mostly covered in yellow scales.
                  | (AC +3) [demonic ancestry]
   920 | D:2      | Reached XP level 6. HP: 40/51 MP: 8/8
  1045 | D:2      | Found an iron altar of Okawaru.
  1187 | D:2      | You fall into a shaft and drop 1 floor!
  1582 | D:2      | Found a faded altar of an unknown god.
  1587 | D:2      | Found a shimmering blue altar of Sif Muna.
  1589 | D:2      | Found an opulent altar of Gozag.
  1591 | D:2      | Found a hazy altar of Hepliaklqana.
  1594 | D:2      | Found a faded altar of an unknown god.
  1853 | D:3      | Found a glowing drain.
  1874 | D:3      | Reached *** piety under Lugonu
  2226 | D:3      | Reached XP level 7. HP: 31/56 MP: 9/9
  2702 | D:4      | Found a staircase to the Ecumenical Temple.
  2719 | D:4      | Learned a level 1 spell: Freeze
  2862 | D:4      | Got a fine hand axe
  3014 | D:4      | Reached skill level 1 in Stealth
  3032 | D:4      | Found a shadowy altar of Dithmenos.
  3102 | D:4      | Identified the +8 hand axe of the Wolf {protect, Stlth+}
                  | (You found it on level 4 of the Dungeon)
  3427 | D:5      | Entered Level 5 of the Dungeon
  3443 | D:5      | Reached skill level 1 in Axes
  3552 | D:5      | Found Okkaga's Gadget Shoppe.
  3749 | D:5      | Reached **** piety under Lugonu
  3749 | D:5      | Reached XP level 8. HP: 64/64 MP: 10/10
  3799 | D:5      | Reached skill level 2 in Axes
  3858 | D:5      | Learned a level 2 spell: Call Imp
  4168 | D:5      | Reached skill level 3 in Axes
  4362 | D:6      | Gained mutation: Your spells are a little harder to cast,
                  | but a little more powerful. [potion of mutation]
  4362 | D:6      | Gained mutation: Armour fits poorly on your strangely
                  | shaped body. [potion of mutation]
  4362 | D:6      | Gained mutation: Your system is resistant to poisons.
                  | (rPois) [potion of mutation]
  4363 | D:6      | Lost mutation: Your spells are a little harder to cast, but
                  | a little more powerful. [potion of mutation]
  4363 | D:6      | Gained mutation: Your muscles are strong. (Str +2) [potion
                  | of mutation]
  4363 | D:6      | Gained mutation: Your spells are a little harder to cast,
                  | but a little more powerful. [potion of mutation]
  4363 | D:6      | Gained mutation: Your natural rate of healing is unusually
                  | fast. [potion of mutation]
  4364 | D:6      | Lost mutation: Your muscles are strong. (Str +2) [potion of
                  | mutation]
  4364 | D:6      | Lost mutation: Your spells are a little harder to cast, but
                  | a little more powerful. [potion of mutation]
  4364 | D:6      | Gained mutation: Your flesh is heat resistant. (rF+)
                  | [potion of mutation]
  4364 | D:6      | Gained mutation: You possess an exceptional clarity of
                  | mind. [potion of mutation]
  4364 | D:6      | Gained mutation: You have supernaturally acute eyesight.
                  | (SInv) [potion of mutation]
  4481 | D:6      | Reached skill level 1 in Shields
  4615 | D:6      | Reached skill level 4 in Axes
  5019 | D:7      | Found a basalt altar of Yredelemnul.
  5155 | D:7      | Found a sand-covered staircase.
  5161 | Ossuary  | Entered an ossuary
  5221 | Ossuary  | Reached skill level 5 in Axes
  5644 | D:7      | Found a bloodstained altar of Trog.
  5742 | D:7      | Reached XP level 9. HP: 56/69 MP: 11/11
  5949 | D:7      | Reached skill level 5 in Armour
  6160 | D:8      | Reached skill level 6 in Axes
  6258 | D:8      | Noticed a two-headed ogre
  6259 | D:8      | Reached ***** piety under Lugonu
  6261 | D:8      | Killed a two-headed ogre
  6261 | D:8      | Reached skill level 7 in Axes
  6627 | D:8      | Found a burning altar of Makhleb.
  6782 | D:9      | Noticed Prince Ribbit
  7037 | D:9      | Killed Prince Ribbit
  7151 | D:9      | Reached skill level 8 in Axes
  7237 | D:9      | Found a staircase to the Lair.
  7238 | D:9      | Noticed a komodo dragon
  7302 | D:9      | Gained mutation: You are significantly more attuned to the
                  | shadows. [demonic ancestry]
  7302 | D:9      | Reached XP level 10. HP: 79/79 MP: 12/12
  7544 | D:10     | Entered Level 10 of the Dungeon
  7634 | D:10     | Lost mutation: Your system is resistant to poisons. (rPois)
                  | [potion of mutation]
  7634 | D:10     | Lost mutation: You possess an exceptional clarity of mind.
                  | [potion of mutation]
  7634 | D:10     | Lost mutation: Armour fits poorly on your strangely shaped
                  | body. [potion of mutation]
  7634 | D:10     | Gained mutation: You have a pair of small antennae on your
                  | head. [potion of mutation]
  7634 | D:10     | Gained mutation: Your mind is acute. (Int +2) [potion of
                  | mutation]
  7728 | D:10     | Got a translucent spear
  7787 | D:10     | Reached skill level 9 in Axes
  7815 | D:10     | Identified the +3 spear of the Big Fish {vorpal, rElec rC+
                  | MP-9} (You found it on level 10 of the Dungeon)
  8021 | D:10     | Found a shimmering altar of Xom.
  8370 | D:11     | Reached skill level 10 in Axes
  8378 | D:11     | Noticed a manticore
  8382 | D:11     | Killed a manticore
  8382 | D:11     | Reached skill level 5 in Stealth
  8493 | D:11     | Reached ****** piety under Lugonu
  8536 | D:11     | Reached XP level 11. HP: 86/86 MP: 13/13
  8800 | D:11     | Noticed Fannar
  8839 | D:11     | Killed Fannar
  9412 | D:12     | Found a staircase to the Orcish Mines.
  9810 | D:12     | Reached skill level 11 in Axes
 10187 | D:13     | Reached skill level 5 in Dodging
 10456 | D:13     | Noticed Urug
 10474 | D:13     | Banished Urug
 10474 | D:13     | Reached skill level 1 in Evocations
 10615 | D:13     | Reached XP level 12. HP: 94/94 MP: 10/14
 10917 | D:13     | Found Orougo's Armour Boutique.
 10917 | D:13     | Noticed a two-headed ogre
 10928 | D:13     | Killed a two-headed ogre
 10964 | D:13     | Bought the +7 chain mail of the New World {-Cast Regen+
                  | Str+4 Dex+3} for 921 gold pieces
 10999 | D:13     | Reached skill level 1 in Throwing
 11362 | D:13     | Paralysed by a hornet for 3 turns
 11776 | D:14     | Reached skill level 12 in Axes
 12668 | D:14     | Found a gate to the Vaults.
 12668 | D:14     | Noticed a vault guard
 12668 | D:14     | Noticed a vault guard
 12669 | D:14     | Noticed a vault guard
 12669 | D:14     | Noticed a tengu warrior
 12669 | D:14     | Noticed a vault guard
 12677 | D:14     | Reached skill level 10 in Fighting
 12679 | D:14     | Killed a vault guard
 12679 | D:14     | Gained mutation: You have hooves in place of feet. [demonic
                  | ancestry]
 12679 | D:14     | Reached XP level 13. HP: 83/103 MP: 12/16
 12814 | D:15     | Entered Level 15 of the Dungeon
 13099 | D:15     | Noticed a deep elf death mage
 13108 | D:15     | Killed a deep elf death mage
 13111 | D:15     | Reached skill level 13 in Axes
 13287 | D:15     | Found a staircase to the Depths.
 13723 | Orc:1    | Entered Level 1 of the Orcish Mines
 13845 | Orc:1    | Found Luho's Magic Scroll Boutique.
 13854 | Orc:1    | Bought a scroll of identify for 24 gold pieces
 13854 | Orc:1    | Bought a scroll of enchant weapon for 90 gold pieces
 13854 | Orc:1    | Bought a scroll of identify for 24 gold pieces
 13854 | Orc:1    | Bought a scroll of brand weapon for 240 gold pieces
 13854 | Orc:1    | Bought a scroll of identify for 24 gold pieces
 13854 | Orc:1    | Bought a scroll of identify for 24 gold pieces
 13913 | Orc:1    | Found Gihuucele's Jewellery Shoppe.
 14080 | Orc:1    | Bought an uncursed ring of poison resistance for 300 gold
                  | pieces
 14149 | Orc:2    | Entered Level 2 of the Orcish Mines
 14207 | Orc:2    | Noticed an orc warlord
 14243 | Orc:2    | Killed an orc warlord
 14270 | Orc:2    | Paralysed by an orc sorcerer for 3 turns
 14387 | Orc:2    | Found a roughly hewn altar of Beogh.
 14552 | Orc:2    | Found Otrar's Book Shop.
 14568 | Orc:2    | Found Hyenle Imim's Antique Armour Shop.
 14584 | Orc:2    | Found Wuuto's General Store.
 14600 | Orc:2    | Found Xeguwk's Antique Weapon Shop.
 14872 | Orc:2    | Found a staircase to the Elven Halls.
 15249 | Lair:1   | Entered Level 1 of the Lair of Beasts
 15502 | Lair:1   | Gained mutation: You regenerate a little health from kills.
                  | [demonic ancestry]
 15502 | Lair:1   | Reached XP level 14. HP: 104/113 MP: 14/17
 15582 | Lair:1   | Noticed Joseph
 15596 | Lair:1   | Killed Joseph
 16272 | Lair:2   | Reached skill level 14 in Axes
 16302 | Lair:2   | Noticed Gastronok
 16321 | Lair:2   | Killed Gastronok
 16474 | Lair:2   | Lost mutation: You have supernaturally acute eyesight.
                  | (SInv) [potion of mutation]
 16474 | Lair:2   | Lost mutation: Your flesh is heat resistant. (rF+) [potion
                  | of mutation]
 16474 | Lair:2   | Lost mutation: You have a pair of small antennae on your
                  | head. [potion of mutation]
 16474 | Lair:2   | Gained mutation: Your mind is very acute. (Int +4) [potion
                  | of mutation]
 16474 | Lair:2   | Gained mutation: You expend magic power (3 MP) to
                  | strengthen your wands. [potion of mutation]
 16474 | Lair:2   | Gained mutation: You are completely covered in yellow
                  | scales. (AC +4, rCorr) [potion of mutation]
 17435 | Lair:3   | Found a hole to the Spider Nest.
 17873 | Lair:4   | Found a staircase to the Swamp.
 18540 | Lair:5   | Found a staircase to the Slime Pits.
 18556 | Lair:5   | Reached skill level 15 in Axes
 18838 | Lair:5   | Reached XP level 15. HP: 47/121 MP: 18/18
 19630 | Lair:6   | Entered Level 6 of the Lair of Beasts
 19942 | Lair:6   | Noticed Kirke
 19952 | Lair:6   | Killed Kirke
 20088 | Lair:6   | Reached skill level 16 in Axes
 20881 | Swamp:1  | Entered Level 1 of the Swamp
 21049 | Swamp:1  | Identified the cursed +1 trident "Cuuggiul" {flame, +Inv}
 21063 | Swamp:1  | Reached skill level 10 in Armour
 21818 | Swamp:2  | Gained mutation: You are completely attuned to the shadows.
                  | [demonic ancestry]
 21818 | Swamp:2  | Reached XP level 16. HP: 120/131 MP: 19/19
 21939 | Swamp:2  | Noticed Louise
 21951 | Swamp:2  | Killed Louise
 22024 | Swamp:2  | Reached skill level 17 in Axes
 22393 | Swamp:3  | Noticed a thorn hunter
 22396 | Swamp:3  | Killed a thorn hunter
 22577 | Swamp:3  | Found a hide-covered altar of Uskayaw.
 22798 | Abyss:1  | Gained mutation: You tend to lose your temper in combat. [a
                  | neqoxec]
 22841 | Abyss:1  | Noticed a tentacled starspawn
 22842 | Swamp:3  | Escaped the Abyss
 23385 | Swamp:4  | Entered Level 4 of the Swamp
 23727 | Swamp:4  | Reached skill level 18 in Axes
 23727 | Swamp:4  | Gained mutation: You regenerate health from kills. [demonic
                  | ancestry]
 23727 | Swamp:4  | Reached XP level 17. HP: 139/139 MP: 20/20
 23741 | Swamp:4  | Got a decaying rune of Zot
 24334 | Spider:1 | Entered Level 1 of the Spider Nest
 24697 | Spider:1 | Identified the +5 broad axe of Eternal Vigilance {vorpal,
                  | *Corrode rC+++ Stlth+} (You found it on level 1 of the
                  | Spider Nest)
 24879 | Spider:1 | Lost mutation: You expend magic power (3 MP) to strengthen
                  | your wands. [potion of mutation]
 24879 | Spider:1 | Lost mutation: You tend to lose your temper in combat.
                  | [potion of mutation]
 24879 | Spider:1 | Gained mutation: You possess an exceptional clarity of
                  | mind. [potion of mutation]
 24879 | Spider:1 | Gained mutation: You are robust. (+10% HP) [potion of
                  | mutation]
 24879 | Spider:1 | Gained mutation: You have a beak for a mouth. [potion of
                  | mutation]
 24966 | Spider:1 | Reached skill level 5 in Shields
 25697 | Spider:3 | Noticed Arachne
 25700 | Spider:3 | Noticed Agnes
 25702 | Spider:3 | Noticed Mara
 25746 | Spider:3 | Found a frozen archway.
 25751 | IceCv    | Entered an ice cave
 26102 | IceCv    | Noticed an Ice Fiend
 26128 | IceCv    | Killed an Ice Fiend
 26187 | IceCv    | Got a crude hat
 26198 | IceCv    | Identified the +2 hat of the Iron City of Dis {Int+3 Dex+3}
                  | (You found it in an ice cave)
 26266 | Spider:3 | Reached skill level 15 in Fighting
 26470 | Spider:3 | Noticed thirtiethelement's illusion
 26476 | Spider:3 | Killed Mara
 26662 | Spider:3 | Noticed Donald
 26668 | Spider:3 | Killed Agnes
 26682 | Spider:3 | Killed Donald
 26770 | Spider:3 | Killed Arachne
 27021 | Spider:4 | Entered Level 4 of the Spider Nest
 27041 | Spider:4 | Gained mutation: Your flesh is cold resistant. (rC+)
                  | [demonic ancestry]
 27041 | Spider:4 | Reached XP level 18. HP: 140/163 MP: 21/21
 27390 | Spider:4 | Got a translucent war axe
 27391 | Spider:4 | Identified the +2 war axe of the Forsaken Emperors {speed,
                  | rC+} (You found it on level 4 of the Spider Nest)
 27547 | Spider:4 | Reached skill level 5 in Throwing
 27547 | Spider:4 | Reached skill level 10 in Stealth
 27655 | Spider:4 | Got a gossamer rune of Zot
 28731 | Vaults:1 | Entered Level 1 of the Vaults
 29704 | Vaults:1 | Reached skill level 19 in Axes
 30462 | Vaults:1 | Paralysed by a great orb of eyes for 7 turns
 30654 | Vaults:2 | You fall into a shaft and drop 1 floor!
 30930 | Vaults:2 | Reached XP level 19. HP: 172/172 MP: 22/22
 31175 | Vaults:2 | You fall into a shaft and drop 1 floor!
 31344 | Vaults:3 | Paralysed by a wizard for 2 turns
 31952 | Vaults:3 | Found a staircase to the Crypt.
 32995 | Vaults:2 | Noticed Sojobo
 33355 | Vaults:2 | Killed Sojobo
 34112 | Vaults:4 | Identified the +6 rapier "Biobumor" {vorpal, Int+4} (You
                  | found it on level 4 of the Vaults)
 34782 | Vaults:4 | Gained mutation: You are immune to freezing clouds.
                  | [demonic ancestry]
 34782 | Vaults:4 | Reached XP level 20. HP: 175/184 MP: 23/23
 34992 | Vaults:5 | Entered Level 5 of the Vaults
 35038 | Vaults:4 | Reached skill level 20 in Axes
 35423 | Vaults:5 | Noticed a golden dragon
 35495 | Vaults:5 | Identified the +7 battleaxe "Vauwofep" {vamp, +Inv rF+}
 35498 | Vaults:5 | Identified the +3 battleaxe of the Unseen Realm {vamp,
                  | rElec MR++ Int-3 Dex+3}
 35505 | Vaults:5 | Paralysed by a sphinx for 3 turns
 35711 | Vaults:4 | Killed from afar by a golden dragon

Illustrated notes

Levels and vault maps discovered:
D:1:      minmay_arrival_radiant_lines, layout_loops_ring
D:2:      layout_rooms, chequers_temple_overflow_minitemple,
          okawaru_metal_pillars_3, kennysheep_generic_room_2
D:3:      cheibrodos_thug_alley, layout_loops_corners, first_ration,
          portal_sewer_entry_c
D:4:      layout_cave_pods, nicolae_dithmenos_through_a_glass_darkly,
          minmay_temple_entry_offerings, serial_bayou_pond_b,
          mrwooster_statue_mirror
D:5:      layout_gridville, serial_shops, shop, grunt_tough_drop
D:6:      layout_basic, minmay_between
D:7:      layout_gridville, nicolae_overflow_hidden_temple, old_standard_altar,
          enter_ossuary_5
D:8:      lemuel_ratsnest, layout_rooms, lemuel_doored_altar
D:9:      layout_roguey, david_lair_shrubbed, uniq_prince_ribbit1
D:10:     layout_rooms, basic_altar
D:11:     layout_irregular_city, uniq_fannar
D:12:     layout_long_grid, erik_orc_3, hangedman_decor_push
D:13:     layout_basic, serial_shops, nicolae_shop_crystal, grunt_livestock,
          uniq_urug
D:14:     lemuel_troll_bridge, layout_basic, lightli_vaults_fourway_checkpoint,
          nrook_pool_corridor
D:15:     grunt_enter_depths_snipers, layout_basic, nrook_uturn
Lair:1:   layout_cave_pods, uniq_joseph
Lair:2:   layout_concentric_octagons, uniq_gastronok
Lair:3:   layout_chaotic_city, spider_nest_entry_funnel_web,
          serial_bayou_lagoon_a
Lair:4:   layout_roguey, minmay_swamp_entry_swarm, grunt_megastairs_1
Lair:5:   pond_and_an_island_with_a_cottage, layout_layer_cave,
          minmay_slime_entry_pillars
Lair:6:   hangedman_lair_in_review, layout_regular_city, st_stairs_8, uniq_kirke
Swamp:1:  layout_falls_marsh, evilmike_swamp_ruin_house_4,
          infiniplex_staircase_pool_2
Swamp:2:  layout_falls_marsh, nicolae_swamp_triple_paths, swamp_pool5,
          uniq_louise
Swamp:3:  layout_basic_swamp, basic_altar
Swamp:4:  swamp, layout_basic_swamp, swamp_pool2
Spider:1: layout_spider_delve
Spider:2: layout_spider_delve, hive_lemuel
Spider:3: layout_spider_delve, portal_ice_cave_entry_pillars_three,
          uniq_arachne, uniq_agnes, uniq_mara, uniq_donald
Spider:4: grunt_spider_rune_circles
Orc:1:    layout_caves, serial_shops, shop, shop_fountains
Orc:2:    grunt_orc_cross, layout_caves
Vaults:1: grunt_vaults_diagonal, ontoclasm_vaults_eye, ontoclasm_vaults_gateway,
          vaults_standard_mumra_x, ontoclasm_vaults_pinch,
          hangedman_vaults_snaps, v_alt_pattern_2, layout_vaults_omnigrid
Vaults:2: ontoclasm_vaults_claustrophobia, v_misc_17, v_misc_3,
          vaults_room_door_ring, vaults_room_stairs_pillars,
          nicolae_vaults_specimen_jars, ontoclasm_vaults_ring_small,
          nicolae_vaults_sealed_display, layout_vaults_big_room, uniq_sojobo
Vaults:3: minmay_crypt_entry_simple_round, hangedman_vaults_nails,
          dpeg_vaults_monster_doublerow, nicolae_vaults_rhombus_7,
          v_alt_pattern_1, vaults_room_ringed_pool, v_alt_pattern_1,
          nicolae_vaults_little_squares_6, v_pattern_3,
          grunt_vaults_hallway_short, grunt_vaults_hallway_short,
          vaults_dpeg_encased_lava, layout_vaults_omnicross
Vaults:4: hangedman_vaults_corner, nicolae_vaults_network_barrier, kb_rosetta,
          vaults_room_boxed, nicolae_vaults_little_squares_2,
          nicolae_vaults_asterisk, v_misc_32, hangedman_vaults_maws,
          layout_vaults_ring
Vaults:5: uniq_frederick

Skill      XL: |  1  2  3  4  5  6  7  8  9 10 11 12 13 14 15 16 17 18 19 20 |
---------------+-------------------------------------------------------------+-----
Fighting       | 5 6 7 8 10 11 12 13 14 15 16 17 18 | 18.1
Long Blades    | 2 3 4 |  4.2
Armour         | 2 3 4 5 6 7 8 9 10 11 12 13 | 13.5
Dodging        | 1 2 3 5 6 7 8 |  8.9
Invocations    | 3 4 |  4.7
Stealth        | 1 2 3 5 6 8 9 10 11 | 11.2
Axes           | 1 5 8 10 11 12 13 15 16 18 19 20 | 20.3
Shields        | 1 2 3 4 5 6 8 9 |  9.1
Evocations     | 1 2 3 |  3.4
Throwing       | 1 2 3 4 5 |  5.2
Spellcasting   | |  0.8

Action                   |  1- 3 |  4- 6 |  7- 9 | 10-12 | 13-15 | 16-18 | 19-21 || total
-------------------------+-------+-------+-------+-------+-------+-------+-------++-------
Melee: Falchion          |       |   207 |    57 |       |       |       |       ||   264
       Kick              |       |    51 |   109 |   299 |   459 |   577 |   313 ||  1808
       Hand axe          |       |       |   324 |   791 |   490 |       |       ||  1605
       Battleaxe         |       |       |       |       |   515 |   438 |       ||   953
       Broad axe         |       |       |       |       |       |   847 |   634 ||  1481
       Peck              |       |       |       |       |       |   245 |   186 ||   431
Throw: Dart              |       |       |     1 |     6 |       |       |       ||     7
       Javelin           |       |       |       |     5 |       |       |       ||     5
       Boomerang         |       |       |       |       |    50 |   150 |       ||   200
 Cast: Call Imp          |       |       |     3 |       |       |       |       ||     3
Invok: Bend Space        |       |       |       |     3 |       |     2 |     2 ||     7
       Banish            |       |       |       |     1 |     1 |       |       ||     2
       Depart the Abyss  |       |       |       |       |       |     1 |       ||     1
       Enter the Abyss   |       |       |       |       |       |     1 |       ||     1
Evoke: Lightning rod     |     3 |     1 |     4 |     7 |     3 |     1 |     3 ||    22
       Wand              |       |       |       |     1 |     3 |    10 |     8 ||    22
  Use: Scroll            |       |     4 |    18 |     6 |    24 |    17 |     5 ||    74
       Potion            |       |       |     3 |     9 |     5 |     8 |    10 ||    35
 Stab: Sleeping          |       |     4 |    19 |    33 |    13 |    45 |    18 ||   132
       Distracted        |       |       |       |     2 |       |     4 |     1 ||     7
       Confused          |       |       |       |       |    17 |       |       ||    17
       Held in net/web   |       |       |       |       |       |     2 |       ||     2
  Eat: Ration            |       |     1 |     6 |     7 |     9 |     9 |     4 ||    36
       Chunk             |       |       |       |       |       |     1 |       ||     1
Armor: Ring mail         |       |   100 |   154 |   188 |       |       |       ||   442
       Leather armour    |       |    10 |       |       |       |       |       ||    10
       Chain mail        |       |       |       |    87 |   573 |  1023 |   439 ||  2122
       Skin              |       |       |       |    54 |     9 |       |       ||    63
Dodge: Dodged            |       |   141 |   166 |   278 |   560 |   763 |   335 ||  2243
Block: Buckler           |       |    30 |    54 |   100 |    71 |   287 |   284 ||   826
       Reflection        |       |       |       |       |       |       |    11 ||    11
       Rpst.: Falchion   |       |    45 |    14 |       |       |       |       ||    59

Table legend:
 A = Non-vault XP
 B = Vault XP
 C = Vault XP percentage of total XP
 D = Non-vault monster count
 E = Vault monster count
 F = Vault count percentage of total count
                 A         B        C        D         E       F
            +---------+---------+-------+---------+---------+-------
      Total |  304177 |  249773 |  45.1 |    1024 |     493 |  32.5
            +---------+---------+-------+---------+---------+-------
        D:1 |      53 |       0 |   0.0 |      28 |       0 |   0.0
        D:2 |      81 |      15 |  15.6 |      20 |       3 |  13.0
        D:3 |      54 |     236 |  81.4 |      18 |      15 |  45.5
        D:4 |     364 |       2 |   0.5 |      18 |       1 |   5.3
        D:5 |     547 |     170 |  23.7 |      23 |       4 |  14.8
        D:6 |     425 |      60 |  12.4 |      14 |       2 |  12.5
        D:7 |     829 |       0 |   0.0 |      18 |       0 |   0.0
        D:8 |    1191 |     320 |  21.2 |      17 |      33 |  66.0
        D:9 |     652 |     606 |  48.2 |      24 |       2 |   7.7
       D:10 |    3484 |       0 |   0.0 |      32 |       0 |   0.0
       D:11 |    1967 |     878 |  30.9 |      15 |       1 |   6.2
       D:12 |    4539 |     262 |   5.5 |      21 |      16 |  43.2
       D:13 |    6728 |    1561 |  18.8 |      54 |       6 |  10.0
       D:14 |    6128 |   10735 |  63.7 |      28 |      25 |  47.2
       D:15 |    7419 |    2351 |  24.1 |      20 |       3 |  13.0
     Lair:1 |    5196 |     481 |   8.5 |      23 |       1 |   4.2
     Lair:2 |    4618 |    2026 |  30.5 |      22 |       1 |   4.3
     Lair:3 |    5306 |    1662 |  23.9 |      19 |       5 |  20.8
     Lair:4 |    6930 |    2596 |  27.3 |      21 |      11 |  34.4
     Lair:5 |   16650 |    1204 |   6.7 |      49 |       6 |  10.9
     Lair:6 |   15800 |   13792 |  46.6 |      45 |      28 |  38.4
    Swamp:1 |   12839 |       0 |   0.0 |      26 |       0 |   0.0
    Swamp:2 |   14306 |    1581 |  10.0 |      33 |       1 |   2.9
    Swamp:3 |   19774 |       0 |   0.0 |      40 |       0 |   0.0
    Swamp:4 |    9889 |   18276 |  64.9 |      33 |      30 |  47.6
   Spider:1 |   18515 |       0 |   0.0 |      48 |       0 |   0.0
   Spider:2 |   11270 |     906 |   7.4 |      30 |      14 |  31.8
   Spider:3 |   16025 |   15192 |  48.7 |      33 |       4 |  10.8
   Spider:4 |    8035 |   25431 |  76.0 |      16 |      40 |  71.4
      Orc:1 |    1636 |       0 |   0.0 |      31 |       0 |   0.0
      Orc:2 |    1554 |    7127 |  82.1 |      14 |      34 |  70.8
   Vaults:1 |   19064 |   10023 |  34.5 |      45 |      17 |  27.4
   Vaults:2 |   25200 |   11809 |  31.9 |      58 |      10 |  14.7
   Vaults:3 |   20435 |   27979 |  57.8 |      32 |      38 |  54.3
   Vaults:4 |   21754 |   71584 |  76.7 |      32 |      66 |  67.3
   Vaults:5 |   11834 |   11008 |  48.2 |      20 |       9 |  31.0
    Abyss:1 |    2768 |       0 |   0.0 |       3 |       0 |   0.0
    Abyss:2 |     318 |       0 |   0.0 |       1 |       0 |   0.0
    Ossuary |       0 |     153 | 100.0 |       0 |      16 | 100.0
      IceCv |       0 |    9747 | 100.0 |       0 |      51 | 100.0
            +---------+---------+-------+---------+---------+-------
